 Dungeon Crawl Stone Soup version 0.31-a0-596-g831eee08f1 (webtiles) character file.

Game seed: 11953542782398194430

54 timneilson the Covered (level 3, -2/23 HPs)
             Began as a Gargoyle Fighter on Aug 20, 2023.
             Slain by an endoplasm (3 damage)
             ... on level 2 of the Dungeon.
             The game lasted 00:01:53 (880 turns).

timneilson the Covered (Gargoyle Fighter)            Turns: 880, Time: 00:01:54

Health: -2/23      AC: 12    Str: 19    XL:     3   Next: 91%
Magic:  3/3        EV:  7    Int:  8    God:
Gold:   88         SH:  4    Dex: 11    Spells: 2/2 levels left

rFire   . . .        a - +0 long sword
rCold   . . .        c - +0 buckler
rNeg    + . .        e - +0 chain mail
rPois   ∞            (no helmet)
rElec   +            i - scarf {repulsion}
rCorr   .            (no gloves)
SInv    .            (no boots)
Will    .....        (no amulet) Stlth
                     (no ring)
HPRegen 0.23/turn    (no ring)
MPRegen 0.08/turn

%: repel missiles
@: no status effects
A: sickness immunity, AC +3, negative energy resistance 1, electricity
resistance, torment resistance 1, petrification resistance
a: no special abilities


You were on level 2 of the Dungeon.
You visited 1 branch of the dungeon, and saw 2 of its levels.

You collected 88 gold pieces.

Inventory:

Hand Weapons
 a - a +0 long sword (weapon)
Armour
 c - a +0 buckler (worn)
 e - a +0 chain mail (worn)
 h - a +0 plate armour
 i - a scarf of repulsion (worn)
Potions
 d - 3 potions of might
 g - a potion of enlightenment {unknown}


   Skills:
 + Level 3.5 Fighting
 * Level 2.3 Long Blades
 * Level 3.8 Armour
 + Level 0.5 Dodging
 * Level 3.8 Shields


You had 2 spell levels left.
You didn't know any spells.
Your spell library contained the following spells:

 Spells                   Type           Power      Damage    Failure   Level
 Summon Small Mammal      Summ           0%         N/A       99%         1
 Call Canine Familiar     Summ           0%         N/A       100%        3
 Inner Flame              Hex/Fire       0%         N/A       100%        3
 Summon Guardian Golem    Hex/Summ       0%         N/A       100%        3
 Yara's Violent Unravell  Hex/Tmut       0%         3d3       100%        5
 Enfeeble                 Hex            0%         N/A       100%        7


Dungeon Overview and Level Annotations

Branches:
Dungeon (2/15)

Altars:


Innate Abilities, Weirdness & Mutations

You are immune to sickness and miasma.
Your stone body is resilient. (AC +3)
You are immune to poison.
You resist negative energy. (rN+)
You are resistant to electric shocks. (rElec)
You are resistant to unholy torment.
You are immune to petrification.


Message History

The worm is moderately wounded.
The worm bites you but does no damage.
You slash the worm!
The worm is severely wounded.
The worm bites you but does no damage.
You barely miss the worm.
The worm is severely wounded.
You hit the worm.
The worm is almost dead.
The worm bites you but does no damage.
The endoplasm hits you but does no damage.
You hit the worm but do no damage.
The worm is almost dead.
The endoplasm freezes you.
You are frozen.
The worm barely misses you. The endoplasm freezes you.
You are frozen.
You barely miss the worm.
The worm is almost dead.
The endoplasm hits you but does no damage.
The worm bites you.
You hit the worm but do no damage.
The worm is severely wounded.
The endoplasm hits you. The worm bites you!
* * * LOW HITPOINT WARNING * * *
You are too injured to fight recklessly!
You are too injured to fight recklessly!
You are too injured to fight recklessly!
You are too injured to fight recklessly!
You are too injured to fight recklessly!
You are too injured to fight recklessly!
You are too injured to fight recklessly!
You are too injured to fight recklessly!
You are too injured to fight recklessly!
You are too injured to fight recklessly!
You are too injured to fight recklessly!
Unknown command.
The endoplasm attacks as it pursues you!
The endoplasm hits you.
You die...

##### #)......
.....####### #.......
..[........# #.....[.
.........# +.......
........# #.#####.
#####...$..## ..
..###. ......w.....# #
(..##. ............#
#..##. .......J@...#
#..#..###
.......#....# .#..#..#
# ...$...#††..#
#.#..#..# #
.......#....#
#.#..#..# #
.......+....#
#.#..#..###
####...#.####
#.#..#..#..
#####...####.#..#....#
####....#.#......##
#.........##.....#


You could see a worm and an endoplasm.

Vanquished Creatures
  2 adders (D:2)
  2 dart slugs (D:2)
  A ball python (D:1)
  4 endoplasms
  4 giant cockroaches
  4 goblins
  5 hobgoblins
  A quokka (D:1)
  A bat (D:1)
  2 frilled lizards
  A kobold (D:1)
  A rat (D:2)
28 creatures vanquished.

Notes
Turn   | Place    | Note
-------+----------+-------------------------------------------
     0 | D:1      | timneilson the Gargoyle Fighter began the quest for the
                  | Orb.
     0 | D:1      | Reached XP level 1. HP: 14/14 MP: 1/1
   171 | D:1      | Reached XP level 2. HP: 18/19 MP: 2/2
   751 | D:2      | Reached XP level 3. HP: 23/23 MP: 3/3
   879 | D:2      | HP: 1/23 [worm (9)]
   880 | D:2      | Slain by an endoplasm

Illustrated notes

Levels and vault maps discovered:
D:1:      spicycebolla_arrival_risky_transporter, layout_rooms, hex_tiny,
          serial_bayou_pond_a
D:2:      layout_basic

Skill      XL: |  1  2 |
---------------+-------+-----
Long Blades    | 2 |  2.3
Fighting       | |  3.5
Armour         | |  3.8
Dodging        | |  0.5
Shields        | |  3.8

Action                     || total
---------------------------++-------
  Melee: Long sword        ||    79
    Use: Scroll            ||     2
 Armour: Scale mail        ||    26
         Chain mail        ||    10
  Dodge: Dodged            ||    31
         Repelled          ||     2
  Block: Buckler           ||    20

Table legend: (Time is in decaauts)
 A = Elapsed time spent in this place.
 B = Non-inter-level travel time spent in this place.
 C = Inter-level travel time spent in this place.
 D = Time resting spent in this place.
 E = Time spent auto-exploring this place.
 F = Levels seen in this place.
 G = Mean time per level.
                   A        B        C        D        E       F      G
               +--------+--------+--------+--------+--------+-----+--------+
         Total |    906 |    902 |      4 |      0 |    630 |   2 |  453.0 |
       Dungeon |    906 |    902 |      4 |      0 |    630 |   2 |  453.0 |
               +--------+--------+--------+--------+--------+-----+--------+

Top non-repeatable levels by time:
     D:1: 584 daAuts
     D:2: 322 daAuts
